 Dungeon Crawl Stone Soup version 0.27-a0-1442-g87b6fcb595 (webtiles) character file.

Game seed: 5067956913274279881

742 nyamberluvr69 the Skirmisher (level 7, 0/78 HPs)
             Began as an Ogre Berserker on July 4, 2021.
             Was a Believer of Trog.
             Slain by an orc (1 damage)
             ... on level 5 of the Dungeon.
             The game lasted 00:08:54 (5587 turns).

nyamberluvr69 the Skirmisher (Ogre Berserker)       Turns: 5587, Time: 00:08:55

Health: 0/78       AC:  3    Str: 24    XL:     7   Next: 76%
Magic:  7/7        EV: 14    Int: 14    God:    Trog [**....]
Gold:   105        SH:  0    Dex:  8    Spells: 6/6 levels left

rFire    . . .     SeeInvis .   w - +0 giant club
rCold    . . .     Faith    .   (shield currently unavailable)
rNeg     . . .     Spirit   .   b - +0 animal skin
rPois    .         Reflect  .   (helmet restricted)
rElec    .         Harm     +   j - scarf {harm}
rCorr    .         Rampage  .   (gloves unavailable)
Will     ++...                  (boots unavailable)
Stlth    +.........             n - amulet of regeneration
HPRegen  2.23/turn              c - +6 ring of intelligence
MPRegen  0.10/turn              u - +4 ring of evasion

@: strong-willed, on berserk cooldown, regenerating
A: large, unfitting armour, tough skin 1
a: Renounce Religion, Berserk, Trog's Hand


You were on level 5 of the Dungeon.
You worshipped Trog.
Trog was pleased with you.
You visited 1 branch of the dungeon, and saw 5 of its levels.

You collected 222 gold pieces.
You spent 117 gold pieces at shops.

Inventory:

Hand Weapons
 k - a +0 morningstar
 s - a +2 whip of venom
 w - a +0 giant club (weapon)
Armour
 b - a +0 animal skin (worn)
 j - a scarf of harm (worn)
Jewellery
 c - a +6 ring of intelligence (left hand)
 n - an amulet of regeneration (around neck)
 u - a +4 ring of evasion (right hand)
Wands
 q - a wand of paralysis (4)
 t - a wand of digging (5)
 v - a wand of iceblast (13)
Scrolls
 a - a scroll of amnesia {unknown}
 e - 4 scrolls of teleportation
 f - 2 scrolls of fear {unknown}
 i - a scroll of noise {unknown}
 o - a scroll of summoning {unknown}
 p - 3 scrolls of identify {unknown}
 r - a scroll of enchant armour {unknown}
Potions
 g - a potion of haste {unknown}
 h - a potion of attraction {unknown}
 l - 2 potions of curing
 m - a potion of magic {unknown}


   Skills:
 + Level 7.4 Fighting
 * Level 6.8 Maces & Flails
 - Level 2.6 Dodging


You had 6 spell levels left.
You didn't know any spells.
Your spell library was empty.

Dungeon Overview and Level Annotations

Branches:
Dungeon (5/15)             Temple (0/1) D:4

Altars:
Qazlal
Wu Jian
Xom

Shops:
D:3 =*==*


Innate Abilities, Weirdness & Mutations

You are too large for most types of armour.
You have tough skin. (AC +1)


Message History

The orc warrior hits you with a +0 halberd!
The orc closely misses you.
The orc warrior hits you with a +0 halberd!
* * * LOW HITPOINT WARNING * * *
Unknown command.
Unknown command.
You closely miss the orc warrior. The orc misses you.
The orc warrior barely misses you. The orc closely misses you.
The orc warrior hits you with a +0 halberd!
* * * LOW HITPOINT WARNING * * *
You closely miss the orc warrior. The orc hits you but does no damage.
The orc warrior hits you with a +0 halberd.
* * * LOW HITPOINT WARNING * * *
The orc barely misses you.
You bludgeon the orc warrior!!
You kill the orc warrior!
Trog accepts your kill.
The orc barely misses you. x2; Something hits you but does no damage.
You hear some strange, mumbled words.
A puff of flame appears from out of thin air!
The puff of flame hits you!
* * * LOW HITPOINT WARNING * * *
It was a potion of cancellation.
Your magical effects are unravelling.
You feel magically purged.
You feel yourself speed up. Something hits you.
* * * LOW HITPOINT WARNING * * *
You hear some strange, mumbled words.
A magic dart appears from out of thin air!
The magic dart hits you!
* * * LOW HITPOINT WARNING * * *
The orc misses you.
Unknown command.
Your skin crawls.
You feel strong-willed. Something hits you.
* * * LOW HITPOINT WARNING * * *
The orc hits you from afar with a +0 trident.
You die...

######### #..<....#
#.#####.# ####.#
#.####### oo ..##.#
#.##..... #. #.##.#
##.##..... #o
#.##.####...#..... #.
#.##.##...#....... #.
#@##.##.#...#..... #.
#{##.##.##.##.....
#.###o##.##......)....
#..))........)...#...#
#..##.##..............
##..##.##.###..........
#......................
#>..##......####.......
#...##..###.#######....


You could see an orc.

Vanquished Creatures
  An orc warrior (D:5)
  An ogre (D:5)
  A water moccasin skeleton (D:4)
  3 jellies
  3 orc priests
  A bullfrog skeleton (D:4)
  Terence (D:2)
  3 iguanas
  Ijyb (D:4)
  2 orc wizards (D:4)
  A gnoll (D:5)
  3 adders
  An ufetubus (D:3)
  2 dart slugs
  8 orcs
  6 endoplasms
  A giant cockroach (D:1)
  13 goblins
  4 hobgoblins
  10 jackals
  3 quokkas
  6 ball pythons
  6 bats
  5 frilled lizards
  3 kobolds
  3 rats
92 creatures vanquished.

Notes
Turn   | Place    | Note
-------+----------+-------------------------------------------
     0 | D:1      | nyamberluvr69 the Ogre Berserker began the quest for the
                  | Orb.
     0 | D:1      | Reached XP level 1. HP: 24/24 MP: 1/1
     0 | D:1      | Noticed a minotaur skeleton
    95 | D:1      | Reached XP level 2. HP: 32/32 MP: 2/2
   674 | D:2      | Reached XP level 3. HP: 40/40 MP: 3/3
   695 | D:2      | Reached ** piety under Trog
  1162 | D:2      | Noticed Terence
  1175 | D:2      | Killed Terence
  1176 | D:2      | Reached XP level 4. HP: 10/49 MP: 4/4
  1608 | D:3      | Found a faded altar of an unknown god.
  1776 | D:3      | Reached skill level 5 in Fighting
  1961 | D:3      | Found Doyqueph's General Store.
  1967 | D:3      | Bought a scroll of teleportation for 39 gold pieces
  1967 | D:3      | Bought 2 potions of curing for 78 gold pieces
  1973 | D:3      | Found Muur's Jewellery Shoppe.
  2263 | D:3      | Found Inwow's Jewellery Shop.
  2279 | D:3      | Found Sausobex's Jewellery Shop.
  2518 | D:3      | Found Edollah's Assorted Antiques.
  2559 | D:3      | Reached XP level 5. HP: 22/57 MP: 5/5
  3284 | D:4      | Found a shimmering altar of Xom.
  3487 | D:4      | Reached skill level 5 in Maces & Flails
  3604 | D:4      | Reached XP level 6. HP: 67/67 MP: 6/6
  3630 | D:4      | Reached skill level 6 in Fighting
  3899 | D:4      | Found a staircase to the Ecumenical Temple.
  4368 | D:4      | Reached XP level 7. HP: 39/76 MP: 7/7
  4659 | D:4      | Found a stormy altar of Qazlal.
  4659 | D:4      | Found an ornate altar of the Wu Jian Council.
  5175 | D:4      | Noticed Ijyb
  5189 | D:4      | Killed Ijyb
  5374 | D:5      | Entered Level 5 of the Dungeon
  5447 | D:5      | Reached skill level 7 in Fighting
  5586 | D:5      | HP: 1/78 [something/magic dart (8)]
  5587 | D:5      | Slain by an orc

Illustrated notes

Levels and vault maps discovered:
D:1:      shiori_arrival_whats_in_store_for_you, layout_rooms
D:2:      layout_basic, uniq_terence
D:3:      layout_basic, ebering_ecumenical_altar_petrified, serial_shops, shop,
          shop_fountains, nicolae_shop_crystal, shop, nicolae_shop_trees,
          grunt_decor_resistance
D:4:      kennysheep_goblin_castle, layout_cave_pools,
          nicolae_overflow_crystal_walls, gammafunk_temple_overflow_wave,
          minmay_temple_entry_tees, minmay_misc_feat_nine_boxes
D:5:      layout_loops_ring, grunt_temple_overflow_opulence,
          kennysheep_vampire_church

Skill      XL: |  1  2  3  4  5  6  7 |
---------------+----------------------+-----
Maces & Flails | 3 4 5 6 |  6.8
Fighting       | 5 6 7 |  7.4
Dodging        | |  2.6

Action                   |  1- 3 |  4- 6 |  7- 9 || total
-------------------------+-------+-------+-------++-------
Melee: Mace              |    89 |       |       ||    89
       Morningstar       |       |   143 |    22 ||   165
       Whip              |       |       |    34 ||    34
       Giant club        |       |       |    18 ||    18
Invok: Berserk           |     1 |     4 |     2 ||     7
       Trog's Hand       |       |       |     1 ||     1
  Use: Potion            |       |     1 |     1 ||     2
Armor: Animal skin       |    45 |    50 |    19 ||   114
Dodge: Dodged            |    73 |   108 |    71 ||   252

Table legend: (Time is in decaauts)
 A = Elapsed time spent in this place.
 B = Non-inter-level travel time spent in this place.
 C = Inter-level travel time spent in this place.
 D = Time resting spent in this place.
 E = Time spent auto-exploring this place.
 F = Levels seen in this place.
 G = Mean time per level.
                   A        B        C        D        E       F      G
               +--------+--------+--------+--------+--------+-----+--------+
         Total |   5704 |   5600 |    104 |   2044 |   2795 |   5 | 1140.8 |
       Dungeon |   5704 |   5600 |    104 |   2044 |   2795 |   5 | 1140.8 |
               +--------+--------+--------+--------+--------+-----+--------+

Top non-repeatable levels by time:
     D:4: 1989 daAuts
     D:3: 1867 daAuts
     D:2: 986 daAuts
     D:1: 646 daAuts
     D:5: 213 daAuts
